 Dungeon Crawl Stone Soup version 0.28-a0-863-g8cecda6153 (webtiles) character file.

Game seed: 8471471169697491486

373 AvatarAndi78 the Chopper (level 6, 0/61 HPs)
             Began as a Troll Berserker on Nov 18, 2021.
             Was a Believer of Trog.
             Succumbed to a goblin's poison
             ... on level 4 of the Dungeon.
             The game lasted 00:04:24 (2340 turns).

AvatarAndi78 the Chopper (Troll Berserker)          Turns: 2340, Time: 00:04:25

Health: 0/61       AC:  4    Str: 26    XL:     6   Next: 43%
Magic:  5/5        EV: 10    Int:  3    God:    Trog [**....]
Gold:   173        SH:  0    Dex: 11    Spells: 5/5 levels left

rFire   . . .      SeeInvis .   m - +0 giant club
rCold   . . .      Faith    .   (shield currently unavailable)
rNeg    . . .      Spirit   .   b - +0 animal skin
rPois   .          Reflect  .   (helmet restricted)
rElec   .          Harm     .   (no cloak)
rCorr   .          Rampage  .   (gloves unavailable)
Will    .....                   (boots unavailable)
Stlth   +.........              (no amulet)
HPRegen 1.20/turn               (no ring)
MPRegen 0.09/turn               (no ring)

@: lethally poisoned (0 -> -15), on berserk cooldown, slowed, very slow
A: large, unfitting armour, claws 3, regeneration 1, shaggy fur 1, tough skin 1
a: Renounce Religion, Berserk, Trog's Hand


You were on level 4 of the Dungeon.
You worshipped Trog.
Trog was pleased with you.
You visited 1 branch of the dungeon, and saw 4 of its levels.

You collected 173 gold pieces.

Inventory:

Hand Weapons
 a - a +0 hand axe
 m - a +0 giant club (weapon)
Armour
 b - a +0 animal skin (worn)
Scrolls
 e - a scroll of identify {unknown}
 f - a scroll of fog {unknown}
 g - 2 scrolls of enchant weapon {unknown}
 h - 3 scrolls of teleportation {unknown}
 j - a scroll of vulnerability {unknown}
Potions
 c - 2 potions of flight {unknown}
 d - 3 potions of degeneration {unknown}
 i - a potion of resistance {unknown}
 k - a potion of curing {unknown}
 l - 2 potions of might {unknown}


   Skills:
 + Level 3.5 Fighting
 + Level 4.5 Axes
 + Level 3.7 Dodging
 + Level 0.2 Stealth


You had 5 spell levels left.
You didn't know any spells.
Your spell library was empty.

Dungeon Overview and Level Annotations

Branches:
Dungeon (4/15)             Temple (0/1) D:4

Altars:
Sif Muna

Annotations:
D:4 Pikel


Innate Abilities, Weirdness & Mutations

You are too large for most types of armour.
You have claws for hands.
Your natural rate of healing is unusually fast.
You are covered in fur. (AC +1)
You have tough skin. (AC +1)


Message History

You barely miss the lemure.
You feel very sick. The goblin hits you but does no damage.
The lemure barely misses you.
You bludgeon the lemure!!
The lemure is almost dead.
You feel very sick.
The goblin hits you with a +0 dagger of venom.
You are more poisoned.
You closely miss the goblin.
You feel very sick. The lemure hits you.
The goblin hits you with a +0 dagger of venom.
You completely miss the goblin.
You feel very sick. The lemure hits you.
The goblin hits you but does no damage.
You are more poisoned.
You closely miss the lemure.
The lemure is almost dead.
You feel very sick. The lemure hits you.
The goblin hits you but does no damage.
You are more poisoned.
You bludgeon the lemure!!
You kill the lemure!
That felt strangely unrewarding.
You feel very sick. The goblin hits you but does no damage.
You are more poisoned.
You closely miss the goblin.
You feel very sick. The goblin hits you but does no damage.
You are more poisoned.
You barely miss the goblin.
You are no longer berserk.
You are exhausted.
You feel yourself slow down.
* * * LOW HITPOINT WARNING * * *
You feel extremely sick. The goblin hits you but does no damage.
You completely miss the goblin.
You die...

. #....###....⌠.⌠.⌠..#
.###
####.##...#.8.8.8..###...#
###.)...##........(.....#
##....#)######.##..###...#
#......#.# #.###...#...#
.........# #.# ###.....#
........5### #.# ##....#
#######K5g.# #.# #.....
######.5#@####.## ##†...
#.....g.#...##..#### #...)
#......5###........###.###
#..♣♣♣♣K# ####.##.......#
#. .5# #>.#.......## #
_..# ##..........# .5..#
##.......#.# 5....#
##......#.. .......
#......##.


You could see Pikel, 2 lemures and a goblin.

Vanquished Creatures
  An ogre (D:4)
  A phantom (D:4)
  A lemure (D:4)
  3 orc priests (D:3)
  An orc wizard (D:3)
  2 adders
  A worm (D:2)
  3 dart slugs
  6 orcs (D:3)
  4 ball pythons
  6 bats
  8 endoplasms
  3 giant cockroaches
  9 goblins
  7 hobgoblins
  8 kobolds
  4 quokkas
  A frilled lizard (D:2)
  2 rats (D:1)
71 creatures vanquished.

Vanquished Creatures (others)
  9 plants (D:2)
9 creatures vanquished.

Grand Total: 80 creatures vanquished

Notes
Turn   | Place    | Note
-------+----------+-------------------------------------------
     0 | D:1      | AvatarAndi78 the Troll Berserker began the quest for the
                  | Orb.
     0 | D:1      | Reached XP level 1. HP: 22/22 MP: 0/0
    80 | D:1      | Reached XP level 2. HP: 24/29 MP: 1/1
   803 | D:2      | Reached XP level 3. HP: 36/36 MP: 2/2
   983 | D:2      | Reached skill level 3 in Axes
  1179 | D:2      | Reached ** piety under Trog
  1317 | D:2      | Found a faded altar of an unknown god.
  1516 | D:3      | Reached XP level 4. HP: 45/45 MP: 3/3
  1796 | D:3      | Reached XP level 5. HP: 51/53 MP: 4/4
  2163 | D:4      | Reached skill level 4 in Axes
  2205 | D:4      | Found a staircase to the Ecumenical Temple.
  2210 | D:4      | Noticed a phantom
  2223 | D:4      | Killed a phantom
  2224 | D:4      | Reached XP level 6. HP: 61/61 MP: 5/5
  2310 | D:4      | Found a shimmering blue altar of Sif Muna.
  2310 | D:4      | Noticed Pikel
  2310 | D:4      | Paralysed by Pikel for 5 turns
  2340 | D:4      | Succumbed to a goblin's poison

Illustrated notes

Levels and vault maps discovered:
D:1:      amcnicky_arrival_choice, layout_basic
D:2:      layout_basic, dilly_ecumenical_altar_fadedgnrine,
          nicolae_concentric_dashed_squares_mild, minivault_26
D:3:      layout_loops_ring
D:4:      layout_rooms, mainiacjoe_overflow_chevrons,
          minmay_temple_entry_drinking_statues,
          minmay_fractal_squares_gapless_5, uniq_crazy_yiuf_cottage, uniq_pikel,
          uniq_natasha

Skill      XL: |  1  2  3  4  5 |
---------------+----------------+-----
Axes           | 3 4 |  4.5
Dodging        | 3 |  3.7
Fighting       | 3 |  3.5
Stealth        | |  0.2

Action                   |  1- 3 |  4- 6 || total
-------------------------+-------+-------++-------
Melee: Hand axe          |   127 |   106 ||   233
       Giant club        |       |    15 ||    15
Invok: Berserk           |     1 |     4 ||     5
       Trog's Hand       |     1 |     2 ||     3
 Stab: Sleeping          |     1 |       ||     1
Armor: Animal skin       |    46 |    36 ||    82
Dodge: Dodged            |    60 |    73 ||   133

Table legend: (Time is in decaauts)
 A = Elapsed time spent in this place.
 B = Non-inter-level travel time spent in this place.
 C = Inter-level travel time spent in this place.
 D = Time resting spent in this place.
 E = Time spent auto-exploring this place.
 F = Levels seen in this place.
 G = Mean time per level.
                   A        B        C        D        E       F      G
               +--------+--------+--------+--------+--------+-----+--------+
         Total |   2404 |   2334 |     70 |      0 |   1789 |   4 |  601.0 |
       Dungeon |   2404 |   2334 |     70 |      0 |   1789 |   4 |  601.0 |
               +--------+--------+--------+--------+--------+-----+--------+

Top non-repeatable levels by time:
     D:1: 790 daAuts
     D:3: 718 daAuts
     D:2: 699 daAuts
     D:4: 195 daAuts
